 Dungeon Crawl Stone Soup version 0.28-a0-476-g0f06bd746f (webtiles) character file.

Game seed: 13027370667375815961

1422 robertstho the Chopper (level 8, -5/76 HPs)
             Began as a Tengu Berserker on Sept 16, 2021.
             Was a Priest of Trog.
             Slain by Prince Ribbit (14 damage)
             ... on level 5 of the Dungeon.
             The game lasted 00:04:55 (5509 turns).

robertstho the Chopper (Tengu Berserker)            Turns: 5509, Time: 00:04:56

Health: -5/76      AC:  7    Str: 21    XL:     8   Next: 72%
Magic:  9/9        EV: 12    Int:  7    God:    Trog [***...]
Gold:   276        SH:  6    Dex: 13    Spells: 7/7 levels left

rFire   . . .      SeeInvis .   b - +0 war axe
rCold   . . .      Faith    .   l - +2 buckler
rNeg    . . .      Spirit   .   o - +0 scale mail
rPois   .          Reflect  .   (helmet restricted)
rElec   .          Harm     .   (no cloak)
rCorr   .          Rampage  .   (no gloves)
Will    .....                   (boots unavailable)
Stlth   ..........              (no amulet)
HPRegen 0.22/turn               (no ring)
MPRegen 0.11/turn               (no ring)

@: berserking, lethally poisoned (-5 -> -14), flying quickly and evasively, very
quick
A: beak, talons 3, nimble flight
a: Renounce Religion, Berserk, Trog's Hand


You were on level 5 of the Dungeon.
You worshipped Trog.
Trog was most pleased with you.
You visited 1 branch of the dungeon, and saw 6 of its levels.

You collected 444 gold pieces.
You spent 168 gold pieces at shops.

Inventory:

Hand Weapons
 a - a +0 hand axe
 b - a +0 war axe (weapon)
Missiles
 m - a throwing net (quivered)
Armour
 l - a +2 buckler (worn)
 n - a +0 cloak
 o - a +0 scale mail (worn)
Wands
 f - a wand of flame (13)
Scrolls
 c - 3 scrolls of identify
 d - 4 scrolls of immolation
 e - a scroll of fog
 i - a scroll of brand weapon
 j - a scroll of magic mapping
Potions
 g - 3 potions of heal wounds
 h - 2 potions of curing
 k - 3 potions of mutation
 p - a potion of might {unknown}
 q - a potion of haste {unknown}


   Skills:
 * Level 6.0 Fighting
 + Level 7.2 Axes
 * Level 6.8 Armour
 + Level 3.6 Dodging
 + Level 1.2 Stealth
 + Level 1.1 Shields


You had 7 spell levels left.
You didn't know any spells.
Your spell library was empty.

Dungeon Overview and Level Annotations

Branches:
Dungeon (6/15)
 Temple: D:4-7

Altars:
Kikubaaqudgha
Vehumet
Xom

Shops:
D:1 [   D:3 ?

Annotations:
D:5 Prince Ribbit


Innate Abilities, Weirdness & Mutations

You have a beak for a mouth.
You have claws for feet.
Your magical nature lets you fly swiftly and evasively.


Message History

The scorpion stings you but does no damage.
You are too injured to fight recklessly!
You are too injured to fight recklessly!
You are too injured to fight recklessly!
You are too injured to fight recklessly!
You are too injured to fight recklessly!
You are too injured to fight recklessly!
You are too injured to fight recklessly!
You are too injured to fight recklessly!
You are too injured to fight recklessly!
You are too injured to fight recklessly!
You are too injured to fight recklessly!
You are too injured to fight recklessly!
You are too injured to fight recklessly!
You are too injured to fight recklessly!
You are too injured to fight recklessly!
You are too injured to fight recklessly!
You are too injured to fight recklessly!
You are too injured to fight recklessly!
You are too injured to fight recklessly!
Unknown command.
A red film seems to cover your vision as you go berserk!
You feel yourself moving faster!
You feel mighty! Prince Ribbit hits you. The scorpion stings you.
* * * LOW HITPOINT WARNING * * *
You are poisoned.
The scorpion poisons you! Prince Ribbit hits you.
* * * LOW HITPOINT WARNING * * *
You slice the scorpion!!
You kill the scorpion!
Trog accepts your kill.
You slash Prince Ribbit!
* * * LOW HITPOINT WARNING * * *
You feel very sick. You block Prince Ribbit's attack.
You hit Prince Ribbit. Your kick misses Prince Ribbit.
Prince Ribbit is moderately wounded.
* * * LOW HITPOINT WARNING * * *
You feel sick. Prince Ribbit hits you!
You die...

.###..>..#........#
..................#
.............###..#
......####..## #..#
#.....# ##.# ##.#
###..## #.# #.#
#..# #.. #.# #..#
##.# ##.# #..# .#
#@.# #..# #†F# #..#
...# #... .....
##.. ......#
........ ..........
.>..........


You could see Prince Ribbit.

Vanquished Creatures
  Menkaure (D:5)
  3 black bears
  A necrophage (D:6)
  2 ogres (D:5)
  A bullfrog (D:6)
  A scorpion (D:5)
  4 wights (D:6)
  A bullfrog zombie (D:5)
  3 hounds
  2 orc priests
  A gnoll shaman (D:6)
  2 iguanas
  An orc wizard (D:6)
  5 gnolls
  5 adders
  An ufetubus (D:5)
  3 worms
  3 dart slugs
  12 orcs
  2 bat zombies (D:5)
  6 endoplasms
  4 giant cockroaches
  5 goblins
  6 hobgoblins
  2 quokkas (D:3)
  5 ball pythons
  5 bats
  2 frilled lizards
  4 kobolds
  5 rats
  2 rat zombies (D:5)
100 creatures vanquished.

Vanquished Creatures (others)
  3 toadstools (D:2)
3 creatures vanquished.

Grand Total: 103 creatures vanquished

Notes
Turn   | Place    | Note
-------+----------+-------------------------------------------
     0 | D:1      | robertstho the Tengu Berserker began the quest for the Orb.
     0 | D:1      | Reached XP level 1. HP: 14/14 MP: 2/2
   502 | D:1      | Reached XP level 2. HP: 19/19 MP: 3/3
   587 | D:1      | Found Levitz's Armour Emporium.
   983 | D:1      | Reached XP level 3. HP: 23/23 MP: 4/4
  1125 | D:2      | Reached ** piety under Trog
  2474 | D:3      | Reached XP level 4. HP: 22/29 MP: 5/5
  2575 | D:3      | Reached skill level 4 in Axes
  2825 | D:3      | Found Litiyx's Magic Scroll Emporium.
  2834 | D:3      | Bought a scroll of identify for 26 gold pieces
  2834 | D:3      | Bought a scroll of identify for 26 gold pieces
  2834 | D:3      | Bought a scroll of identify for 26 gold pieces
  2834 | D:3      | Bought a scroll of magic mapping for 45 gold pieces
  2834 | D:3      | Bought a scroll of immolation for 45 gold pieces
  3277 | D:3      | Gained mutation: Your magical nature lets you fly swiftly
                  | and evasively. [Tengu growth]
  3277 | D:3      | Reached XP level 5. HP: 33/33 MP: 6/6
  3823 | D:4      | Reached skill level 1 in Stealth
  3823 | D:4      | Reached XP level 6. HP: 32/38 MP: 7/7
  3866 | D:4      | You are sucked into a shaft and drop 2 floors!
  3880 | D:6      | Reached skill level 5 in Axes
  3972 | D:6      | Reached XP level 7. HP: 44/44 MP: 8/8
  3973 | D:6      | Reached skill level 5 in Armour
  4002 | D:6      | Reached *** piety under Trog
  4151 | D:6      | Reached skill level 5 in Fighting
  4156 | D:6      | Reached skill level 6 in Axes
  4211 | D:6      | Reached XP level 8. HP: 31/49 MP: 9/9
  4506 | D:5      | Entered Level 5 of the Dungeon
  4562 | D:5      | Found a radiant altar of Vehumet.
  4680 | D:5      | Found a shimmering altar of Xom.
  4874 | D:5      | Noticed Menkaure
  4882 | D:5      | Killed Menkaure
  5142 | D:5      | Reached skill level 1 in Shields
  5297 | D:5      | Found an ancient bone altar of Kikubaaqudgha.
  5330 | D:5      | Reached skill level 7 in Axes
  5499 | D:5      | Noticed Prince Ribbit
  5509 | D:5      | Slain by Prince Ribbit

Illustrated notes

Levels and vault maps discovered:
D:1:      tarquinn_simple_flora_water_f, layout_basic, serial_shops, shop,
          grunt_decor_mini_mirrors, minmay_crystal_water
D:2:      minmay_general_purpose_star, layout_basic, minmay_gold_behind_fungi
D:3:      layout_loops_ring, serial_shops, nicolae_shop_waterfront,
          cheibrodos_gnoll_hut
D:4:      layout_basic, amethyst_overflow_temple_binary
D:5:      layout_layer_cave, lemuel_zombie_altar_kikubaaqudgha,
          amcnicky_altar_gilded, mainiacjoe_overflow_concentric_impassable,
          kennysheep_dice, uniq_prince_ribbit1, uniq_menkaure
D:6:      layout_cave_pools, minmay_temple_entry_nine_rooms,
          chequers_mini_garden

Skill      XL: |  1  2  3  4  5  6  7  8 |
---------------+-------------------------+-----
Axes           | 4 5 6 7 |  7.2
Armour         | 3 4 5 6 |  6.8
Fighting       | 4 5 6 |  6.0
Stealth        | 1 |  1.2
Dodging        | 3 |  3.6
Shields        | 1 |  1.1

Action                   |  1- 3 |  4- 6 |  7- 9 || total
-------------------------+-------+-------+-------++-------
Melee: Hand axe          |    99 |    28 |       ||   127
       Kick              |    27 |    21 |    28 ||    76
       Peck              |    12 |     7 |    12 ||    31
       War axe           |       |    38 |    79 ||   117
Invok: Berserk           |     1 |     4 |     3 ||     8
       Trog's Hand       |       |       |     1 ||     1
  Use: Scroll            |     2 |     4 |     1 ||     7
Armor: Animal skin       |     3 |       |       ||     3
       Ring mail         |    24 |    12 |     3 ||    39
       Scale mail        |       |       |    23 ||    23
Dodge: Dodged            |    55 |    44 |    49 ||   148
Block: Buckler           |       |     1 |    22 ||    23

Table legend: (Time is in decaauts)
 A = Elapsed time spent in this place.
 B = Non-inter-level travel time spent in this place.
 C = Inter-level travel time spent in this place.
 D = Time resting spent in this place.
 E = Time spent auto-exploring this place.
 F = Levels seen in this place.
 G = Mean time per level.
                   A        B        C        D        E       F      G
               +--------+--------+--------+--------+--------+-----+--------+
         Total |   5514 |   5419 |     95 |    517 |   4236 |   6 |  919.0 |
       Dungeon |   5514 |   5419 |     95 |    517 |   4236 |   6 |  919.0 |
               +--------+--------+--------+--------+--------+-----+--------+

Top non-repeatable levels by time:
     D:2: 1357 daAuts
     D:3: 1305 daAuts
     D:1: 1076 daAuts
     D:5: 972 daAuts
     D:6: 658 daAuts
     D:4: 143 daAuts
